 Dungeon Crawl Stone Soup version 0.30.1-11-g7821555f0a (webtiles) character file.

Game seed: 11284228693539319970

3 Tuss the Shield-Bearer (level 1, 0/18 HPs)
             Began as a Human Fighter on Jan 2, 2024.
             Slain by a ball python (2 damage)
             ... on level 1 of the Dungeon.
             The game lasted 00:00:57 (149 turns).

Tuss the Shield-Bearer (Human Fighter)               Turns: 149, Time: 00:00:57

Health: 0/18       AC:  6    Str: 16    XL:     1   Next: 55%
Magic:  1/1        EV:  5    Int:  8    God:
Gold:   0          SH:  4    Dex: 12    Spells: 0/0 levels left

rFire   . . .        a - +0 war axe
rCold   . . .        c - +0 buckler
rNeg    . . .        b - +0 scale mail
rPois   .            (no helmet)
rElec   .            (no cloak)
rCorr   .            (no gloves)
SInv    .            (no boots)
Will    .....        (no amulet) Stlth
                     (no ring)
HPRegen 0.23/turn    (no ring)
MPRegen 0.07/turn

%: no passive effects
@: constricted
A: no striking features
a: no special abilities


You were on level 1 of the Dungeon.
You visited 1 branch of the dungeon, and saw 1 of its levels.

Inventory:

Hand Weapons
 a - a +0 war axe (weapon)
Armour
 b - a +0 scale mail (worn)
 c - a +0 buckler (worn)
Potions
 d - a potion of might
 e - a potion of lignification {unknown}
 f - a potion of invisibility {unknown}


   Skills:
 + Level 3.1 Fighting
 + Level 2.0 Axes
 + Level 3.0 Armour
 + Level 3.1 Shields


You couldn't memorise any spells.
You didn't know any spells.
Your spell library was empty.

Dungeon Overview and Level Annotations

Branches:
Dungeon (1/15)

Altars:


Message History

The gnoll attacks as you move away! The gnoll closely misses you.
The hobgoblin attacks as you move away!
The hobgoblin hits you but does no damage.
The gnoll closely misses you.
The ball python bites you but does no damage.
The ball python grabs you. The ball python constricts you.
You escape the ball python's grasp.
The hobgoblin attacks as you move away!
The hobgoblin hits you but does no damage.
The ball python attacks as you move away!
The ball python closely misses you. The gnoll hits you but does no damage.
The gnoll attacks as you move away! The gnoll hits you with a +0 flail.
The ball python bites you but does no damage.
The ball python grabs you. The ball python constricts you.
You block the ball python's attack. The ball python constricts you.
The ball python's grasp on you weakens, but your attempt to escape fails.
The ball python bites you. The gnoll hits you but does no damage.
The ball python bites you but does no damage.
The ball python constricts you.
The ball python bites you but does no damage.
You escape the ball python's grasp.
The gnoll hits you with a +0 flail. The gnoll attacks as you move away!
The gnoll hits you with a +0 flail.
You closely miss the ball python.
The ball python bites you but does no damage.
The ball python grabs you. The ball python constricts you.
The ball python barely misses you. The ball python constricts you.
You hit the ball python.
You kill the ball python!
You completely miss the gnoll. The gnoll closely misses you.
The hobgoblin hits you but does no damage.
The gnoll hits you but does no damage.
You hit the hobgoblin.
You kill the hobgoblin!
You closely miss the gnoll. The gnoll hits you with a +0 flail.
* * * LOW HITPOINT WARNING * * *
The ball python bites you but does no damage.
The ball python grabs you. The ball python constricts you.
You barely miss the ball python. You hit the gnoll. The ball python bites you.
You die...

#..........#
#..........#
#..........#
#..........# ##++#
#.......#########.....
#.....######..........
#....#####.....⌠......
##..####..............
#).S@................
#..g.................
###..................
#.....♣............
#.♣................
#....∩.............
#§.§§§§♣§.∩....♣...
##~§§§§§§.§........
###§~~§§§..∩.♣..<.


You could see a gnoll and a ball python.

Vanquished Creatures
  A ball python (D:1)
  A hobgoblin (D:1)
  A kobold (D:1)
3 creatures vanquished.

Notes
Turn   | Place    | Note
-------+----------+-------------------------------------------
     0 | D:1      | Tuss the Human Fighter began the quest for the Orb.
     0 | D:1      | Reached XP level 1. HP: 18/18 MP: 1/1
   149 | D:1      | Slain by a ball python

Illustrated notes

Levels and vault maps discovered:
D:1:      tekkud_arrival_beachfront_property, layout_rooms,
          shapermc_ecumenical_altar_mp_vishouse

Action                     || total
---------------------------++-------
  Melee: War axe           ||     6
 Armour: Scale mail        ||    15
  Dodge: Dodged            ||     7
  Block: Buckler           ||     1
